 Dungeon Crawl Stone Soup version 0.23.1 (webtiles) character file.

Game seed: 151181554024963127

646 PentaManta the Slinger (level 7, -3/44 HPs)
             Began as a Halfling Hunter on Mar 12, 2019.
             Slain by an ogre
             ... wielding a +0 giant club
              (18 damage)
             ... on level 5 of the Dungeon.
             The game lasted 00:12:57 (3726 turns).

PentaManta the Slinger (Halfling Hunter)            Turns: 3726, Time: 00:12:58

Health: -3/44      AC:  5    Str: 15    XL:     7   Next: 82%
Magic:  7/7        EV: 14    Int:  9    God:
Gold:   220        SH:  0    Dex: 15    Spells: 6/6 levels left

rFire    . . .     SeeInvis .   a - +1 hunting sling
rCold    + . .     Gourm    .   (shield restricted)
rNeg     . . .     Faith    .   x - +1 leather armour {rC+}
rPois    .         Spirit   .   w - +0 helmet
rElec    .         Reflect  .   (no cloak)
rCorr    .         Harm     .   (no gloves)
MR       .....                  (no boots)
Stlth    ++........             (no amulet)
HPRegen  0.14/turn              (no ring)
MPRegen  0.10/turn              (no ring)

@: no status effects
A: small, mutation resistance 1
a: no special abilities


You were on level 5 of the Dungeon.
You were hungry.

You visited 1 branch of the dungeon, and saw 5 of its levels.

You collected 220 gold pieces.

Inventory:

Hand Weapons
 a - a +1 hunting sling (weapon)
 u - a +0 blowgun
 y - a +1 flail of crushing
Missiles
 d - 39 sling bullets (quivered)
 k - 118 stones
 o - a throwing net
 t - 26 poisoned needles
Armour
 w - a +0 helmet (worn)
 x - a +1 leather armour of cold resistance (worn)
Scrolls
 b - a scroll of amnesia {unknown}
 c - a scroll of blinking {unknown}
 e - 4 scrolls of teleportation {unknown}
 g - 4 scrolls of remove curse {unknown}
 h - 5 scrolls of identify {unknown}
 m - 5 scrolls of magic mapping {unknown}
 s - 3 scrolls of fog {unknown}
 v - 2 scrolls of enchant weapon {unknown}
 z - a scroll of fear {unknown}
Potions
 i - 4 potions of might {unknown}
 j - a potion of curing {unknown}
 l - a potion of flight {unknown}
 n - a potion of degeneration {unknown}
 p - a potion of heal wounds {unknown}
 q - 4 potions of agility {unknown}
 r - a potion of mutation {unknown}
 A - a potion of ambrosia {unknown}
Comestibles
 f - 5 rations


   Skills:
 - Level 1.7 Fighting
 * Level 10.8(11.5) Slings
 + Level 4.3(6.5) Throwing
 - Level 2.1 Dodging
 - Level 1.1 Stealth


You had 6 spell levels left.
You didn't know any spells.
Your spell library was empty.

Dungeon Overview and Level Annotations

Branches:
Dungeon (5/15)
 Temple: D:4-7

Altars:
Cheibriados


Innate Abilities, Weirdness & Mutations

You are small and have problems with some larger weapons.
You are somewhat resistant to further mutation.


Message History

The orc shouts!
The sling bullet hits the orc warrior.
The orc warrior is heavily wounded.
You hear a shout!
The orc warrior misses you.
Firing (i - inventory. (/) - cycle)
d - 40 sling bullets (quivered)
Press: ? - help, Shift-Dir - straight line, f/p - orc warrior
Aim: an orc warrior, wielding a +0 war axe and wearing a +0 plate armour (heavily wounded)
You shoot a sling bullet.
The sling bullet hits the orc warrior but does no damage.
The orc warrior is heavily wounded.
Something unseen opens the door.
You see here a hound corpse.
The orc priest invokes the aid of Beogh against you.
Beogh smites you!
An ogre comes into view. It is wielding a +0 giant club.
The ogre shouts!
The ogre hits you with a +0 giant club!
The ogre hits you with a +0 giant club!!
You die...

#+# #....##...# ######.[.##+##(.
..####....##...###..###o..##.##.(
...#...........#.................
...#...........'.....o†.........
...#...........#......(.....(...
..#######.####.##..o##..........
>.##...##'####.##...########.##.
..#....'....#...Oo..##.$ .#
..#....#....#...@........ .
..#....#>...#............
..#....#....#.............
..###..####.##..##..###...
..###+#####.##..###+# ...
....#............# ..
....#............#
....#............#
....#............#


You could see an orc warrior, an ogre, an orc priest and 2 orcs.

Vanquished Creatures
  A phantom (D:4)
  A bullfrog (D:2)
  A bullfrog zombie (D:5)
  2 hounds
  A jelly (D:5)
  A gnoll shaman (D:2)
  An orc wizard (D:3)
  3 worker ants (D:4)
  A killer bee zombie (D:5)
  7 gnolls
  5 adders
  A shadow imp (D:5)
  A worm (D:2)
  A dart slug (D:4)
  2 leopard geckos
  10 orcs
  3 ball pythons
  A giant cockroach (D:3)
  8 goblins
  10 hobgoblins
  4 jackals
  3 quokkas
  9 bats
  6 frilled lizards
  13 kobolds
  5 rats
101 creatures vanquished.

Notes
Turn   | Place    | Note
-------+----------+-------------------------------------------
     0 | D:1      | PentaManta the Halfling Hunter began the quest for the Orb.
     0 | D:1      | Reached XP level 1. HP: 14/14 MP: 1/1
     6 | D:1      | Noticed a black bear
     6 | D:1      | Noticed a crocodile
     7 | D:1      | Noticed a black mamba
    31 | D:1      | Reached skill level 6 in Slings
    89 | D:1      | Reached XP level 2. HP: 19/19 MP: 2/2
   209 | D:1      | Reached skill level 1 in Throwing
   322 | D:1      | Reached XP level 3. HP: 24/24 MP: 3/3
   738 | D:2      | Reached skill level 7 in Slings
   837 | D:2      | Reached XP level 4. HP: 28/29 MP: 4/4
  1239 | D:2      | Reached XP level 5. HP: 29/34 MP: 5/5
  1362 | D:2      | Reached skill level 8 in Slings
  1610 | D:2      | Noticed a bullfrog
  1623 | D:2      | Killed a bullfrog
  1623 | D:2      | Reached XP level 6. HP: 9/39 MP: 6/6
  2094 | D:3      | Reached skill level 9 in Slings
  2924 | D:4      | Noticed a phantom
  2951 | D:4      | Killed a phantom
  2951 | D:4      | Reached XP level 7. HP: 39/44 MP: 7/7
  3049 | D:4      | Reached skill level 10 in Slings
  3135 | D:4      | Found a snail-covered altar of Cheibriados.
  3524 | D:5      | Entered Level 5 of the Dungeon
  3726 | D:5      | Slain by an ogre

Skill      XL: |  1  2  3  4  5  6  7 |
---------------+----------------------+-----
Slings         | 6 7 8 9 10 | 10.8
Throwing       | 1 2 3 4 |  4.3
Fighting       | |  1.7
Dodging        | |  2.1
Stealth        | |  1.1

Action                   |  1- 3 |  4- 6 |  7- 9 || total
-------------------------+-------+-------+-------++-------
 Fire: Hunting sling     |   122 |   184 |   130 ||   436
  Eat: Chunk             |       |     5 |     2 ||     7
Armor: Leather armour    |     7 |    10 |     6 ||    23
Dodge: Dodged            |    23 |    32 |    32 ||    87
